 Dungeon Crawl Stone Soup version 0.20.2-3-g29329e0561 (webtiles) character file.

192 Alfie the Skirmisher (level 5, 0/69 HPs)
             Began as a Hill Orc Fighter on Jan 16, 2023.
             Killed from afar by an orc wizard (2 damage)
             ... with a magic dart
             ... on level 4 of the Dungeon.
             The game lasted 00:06:30 (1603 turns).

Alfie the Skirmisher (Hill Orc Fighter)             Turns: 1603, Time: 00:06:31

Health: 0/69       AC: 22    Str: 23    XL:     5   Next: 71%
Magic:  5/5        EV:  2    Int:  8    God:
Gold:   47         SH:  9    Dex: 10    Spells: 3/4 levels left

rFire    . . .     SeeInvis .   a - +0 rapier
rCold    . . .     Gourm    .   c - +0 shield
rNeg     + + +     Faith    .   (armour currently unavailable)
rPois    +         Spirit   .   (helmet currently unavailable)
rElec    .         Reflect  .   (cloak currently unavailable)
rCorr    .         Harm     .   (gloves currently unavailable)
MR       .....     NoTele   +   (boots currently unavailable)
Stlth    +.........             (no amulet)
Regen    0.3/turn               g - +3 ring of strength
MPRegen  0.1/turn               (no ring)

@: tree-form
A: no striking features
a: Convert to Beogh


You were on level 4 of the Dungeon.
You were not hungry.
You were a tree.
You visited 1 branch of the dungeon, and saw 4 of its levels.

You collected 177 gold pieces.
You spent 130 gold pieces at shops.

Inventory:

Hand Weapons
 a - a +0 rapier (weapon)
Armour
 b - a +0 scale mail (melded)
 c - a +0 shield (worn)
 h - a +0 pair of gloves (melded)
Jewellery
 g - a +3 ring of strength (left branch)
 p - a +4 amulet of reflection {unknown}
Scrolls
 d - a scroll of recharging {unknown}
 f - 2 scrolls of enchant armour {unknown}
 j - a scroll of remove curse {unknown}
 k - 3 scrolls of teleportation
 n - 2 scrolls of random uselessness {unknown}
 r - a scroll of amnesia {unknown}
 u - a scroll of fog {unknown}
Potions
 e - a potion of curing {unknown}
 i - a potion of experience {unknown}
 m - a potion of ambrosia {unknown}
 o - a potion of resistance {unknown}
 q - a potion of heal wounds {unknown}
 s - a potion of lignification
 v - a potion of invisibility {unknown}
Comestibles
 l - 3 meat rations
 t - 2 bread rations


   Skills:
 + Level 4.3 Fighting
 + Level 3.4 Short Blades
 + Level 4.3 Armour
 + Level 1.0 Dodging
 + Level 0.3 Stealth
 + Level 4.3 Shields


You had 3 spell levels left.
You knew the following spells:

 Your Spells              Type           Power        Failure   Level  Hunger
a - Confusing Touch       Hex            #.....       86%         1    ##.....


Dungeon Overview and Level Annotations

Branches:
Dungeon (4/15)
 Temple: D:4-7

Altars:
Nemelex Xobeh
Okawaru
Qazlal
Vehumet

Shops:
D:4 !%


Message History

The orc priest threatens, "By the altar or by the axe, you will meet Beogh!"
You hit the orc priest.
The orc priest is moderately wounded.
You block the orc's attack. x2
The orc priest hits you but does no damage.
You block the orc wizard's attack.
An orc comes into view. It is wielding a club.
You cannot teleport because you are held in place by your roots.
The orc shouts!
You hit the orc wizard.
The orc wizard is lightly wounded.
You block the orc's attack. The orc hits you but does no damage. x2
You block the orc priest's attack.
The orc wizard gestures wildly while chanting.
The orc wizard seems to speed up.
You hit the orc wizard but do no damage.
The orc wizard is lightly wounded.
The orc wizard casts a spell at you. The magic dart hits you!
You die...

.......o..# .....
.........######
#..#
#o..##...####..###
##..............>.#
#.................#
#.................#
#.o..........)....#
#ooo........(.....#
##♣o.##....###...##
#)o.#########...##
#"...#.....'......
#....#.....#......
#....#.....#......
#...##....####..##
#...##....####..##
#............'....
#............#....


You could see 2 orc priests, an orc wizard and 4 orcs.

Vanquished Creatures
  2 orc priests (D:4)
  An orc wizard (D:3)
  Robin (D:3)
  2 adders
  An ooze (D:2)
  2 worms
  A dart slug (D:2)
  7 orcs
  3 bats
  2 giant cockroaches
  8 goblins
  9 hobgoblins
  5 kobolds
  7 frilled lizards
  9 rats
60 creatures vanquished.

Notes
Turn   | Place    | Note
-------+----------+-------------------------------------------
     0 | D:1      | Alfie the Hill Orc Fighter began the quest for the Orb.
     0 | D:1      | Reached XP level 1. HP: 19/19 MP: 1/1
   247 | D:1      | Reached XP level 2. HP: 21/27 MP: 2/2
   552 | D:2      | Learned a level 1 spell: Confusing Touch
   585 | D:2      | Found a stormy altar of Qazlal.
   768 | D:2      | Reached XP level 3. HP: 29/33 MP: 3/3
   852 | D:2      | Found a sparkling altar of Nemelex Xobeh.
  1090 | D:3      | Found a radiant altar of Vehumet.
  1241 | D:3      | Noticed Robin
  1258 | D:3      | Reached XP level 4. HP: 35/40 MP: 4/4
  1274 | D:3      | Killed Robin
  1386 | D:3      | Found an iron altar of Okawaru.
  1418 | D:3      | Reached XP level 5. HP: 34/46 MP: 5/5
  1487 | D:4      | Found Ygur's Food Shop.
  1492 | D:4      | Found Kaowav's Distillery.
  1494 | D:4      | Bought a meat ration for 65 gold pieces
  1494 | D:4      | Bought a bread ration for 65 gold pieces
  1597 | D:4      | Reached skill level 1 in Dodging
  1599 | D:4      | HP: 1/69 [orc priest/divine providence (15)]
  1603 | D:4      | Killed from afar by an orc wizard

Skill      XL: |  1  2  3  4  5 |
---------------+----------------+-----
Fighting       | 4 |  4.3
Armour         | 4 |  4.3
Short Blades   | 3 |  3.4
Shields        | 4 |  4.3
Dodging        | 1 |  1.0
Stealth        | |  0.3

Action                   |  1- 3 |  4- 6 || total
-------------------------+-------+-------++-------
Melee: Rapier            |   149 |    75 ||   224
  Use: Scroll            |     2 |       ||     2
       Potion            |       |     2 ||     2
  Eat: Bread ration      |     1 |       ||     1
Armor: Scale mail        |    64 |    37 ||   101
       Skin              |       |    14 ||    14
Dodge: Dodged            |    33 |    31 ||    64
Block: Shield            |    63 |    51 ||   114
